 Dungeon Crawl Stone Soup version 0.24.0-13-gcf9b3192b9 (webtiles) character file.

Game seed: 6078863766450538698, levelgen mode: deterministic

44 Ge0ff the Vexing (level 3, 0/27 HPs)
             Began as a Formicid Enchanter on Nov 10, 2019.
             Slain by a centaur skeleton (2 damage)
             ... on level 2 of the Dungeon.
             The game lasted 00:02:56 (1394 turns).

Ge0ff the Vexing (Formicid Enchanter)               Turns: 1394, Time: 00:02:56

Health: 0/27       AC:  3    Str: 13    XL:     3   Next: 87%
Magic:  6/6        EV: 12    Int: 19    God:
Gold:   83         SH:  0    Dex: 11    Spells: 3/6 levels left

rFire    . . .     SeeInvis +   a - +1 dagger
rCold    . . .     Gourm    .   (no shield)
rNeg     . . .     Faith    .   b - +0 robe
rPois    .         Spirit   .   (helmet unavailable)
rElec    .         Reflect  .   A - +0 cloak
rCorr    .         Harm     .   (no gloves)
MR       .....                  (no boots)
Stlth    ++........             (no amulet)
HPRegen  0.09/turn              (no ring)
MPRegen  0.10/turn              (no ring)

@: brilliant
A: permanent stasis, dig shafts and tunnels, four strong arms, antennae 3
a: Dig, Shaft Self


You were on level 2 of the Dungeon.
You were hungry.

You visited 1 branch of the dungeon, and saw 2 of its levels.

You collected 83 gold pieces.

Inventory:

Hand Weapons
 a - a +1 dagger (weapon)
 D - a +0 spear
Missiles
 z - 15 poisoned darts (quivered)
 F - 11 stones
Armour
 b - a +0 robe (worn)
 y - a +0 chain mail
 A - a +0 cloak (worn)
 B - a +0 leather armour
Scrolls
 s - 3 scrolls of remove curse {unknown}
 u - a scroll of noise {unknown}
 x - a scroll of blinking {unknown}
 G - a scroll of amnesia {unknown}
Comestibles
 r - 2 rations


   Skills:
 - Level 2.2 Fighting
 - Level 1.0 Short Blades
 + Level 2.2 Polearms
 - Level 1.7 Dodging
 - Level 3.6 Stealth
 - Level 2.1 Spellcasting
 - Level 3.6 Hexes


You had 3 spell levels left.
You knew the following spells:

 Your Spells              Type           Power        Failure   Level  Hunger
a - Corona                Hex            ####...      1%          1    #......
k - Ensorcelled Hibernat  Hex/Ice        ###...       1%          2    ##.....

Your spell library contained the following spells:

 Spells                   Type           Power        Failure   Level  Hunger
 Confuse                  Hex            ####....     1%          3    ###....
 Tukima's Dance           Hex            ####....     1%          3    ###....
 Dazzling Spray           Conj/Hex       ###...       3%          3    ###....


Dungeon Overview and Level Annotations

Branches:
Dungeon (2/15)

Altars:


Innate Abilities, Weirdness & Mutations

You cannot be hasted, slowed, berserked, paralysed or teleported.
You can dig through walls and to a lower floor.
Your four strong arms can wield two-handed weapons with a shield.
You have a pair of large antennae on your head. (SInv)


Message History

You hit the centaur skeleton.
The centaur skeleton is moderately damaged.
The centaur skeleton hits you!
You hit the centaur skeleton.
The centaur skeleton is moderately damaged.
The centaur skeleton closely misses you.
You hit the centaur skeleton.
The centaur skeleton is heavily damaged.
The centaur skeleton closely misses you.
You hit the centaur skeleton.
The centaur skeleton is severely damaged.
The centaur skeleton hits you.
You hit the centaur skeleton.
The centaur skeleton is severely damaged.
The centaur skeleton hits you!
* * * LOW HITPOINT WARNING * * *
It was a potion of brilliance.
You feel clever all of a sudden. The centaur skeleton hits you.
You die...

#.# #.#.........#... #.#.
#.#######)###..###### #.
#.# #.# #..#..#.. #..#.#
#.# #...<.#.#
##.#..#.#######)####.####.#
....................<......
##.####.##########.#..#...#
#..........#....#....
####@#####.###.##..<.
........Z...#.# #.##....
###########.#.# #.##....
#)# ..##.... #.# ........
#.# $.. #.# #..


You could see a centaur skeleton.

Vanquished Creatures
  A worker ant (D:2)
  A ball python (D:1)
  3 bats (D:1)
  2 goblins (D:1)
  A hobgoblin (D:1)
  3 jackals (D:1)
  A quokka (D:2)
  4 kobolds
  2 rats (D:1)
18 creatures vanquished.

Notes
Turn   | Place    | Note
-------+----------+-------------------------------------------
     0 | D:1      | Ge0ff the Formicid Enchanter began the quest for the Orb.
     0 | D:1      | Reached XP level 1. HP: 13/13 MP: 3/3
   323 | D:1      | Reached skill level 1 in Fighting
   448 | D:1      | Reached XP level 2. HP: 22/22 MP: 5/5
   455 | D:1      | Learned a level 2 spell: Ensorcelled Hibernation
  1064 | D:2      | Reached XP level 3. HP: 6/27 MP: 2/6
  1394 | D:2      | Slain by a centaur skeleton

Levels and vault maps discovered:
D:1:      minmay_arrival_four_loops, layout_basic
D:2:      layout_basic, grunt_temple_overflow_open, first_ration,
          chequers_ecumenical_altar_simple_redux

Skill      XL: |  1  2 |
---------------+-------+-----
Fighting       | 1 2 |  2.2
Polearms       | 2 |  2.2
Short Blades   | |  1.0
Dodging        | |  1.7
Stealth        | |  3.6
Spellcasting   | |  2.1
Hexes          | |  3.6

Action                   || total
-------------------------++-------
Melee: Dagger            ||    40
Throw: Dart              ||    16
 Cast: Corona            ||     3
       Ensorcelled Hiber ||     4
 Abil: Dig               ||     1
  Use: Potion            ||     2
 Stab: Sleeping          ||     6
       Distracted        ||     1
  Eat: Chunk             ||     1
Armor: Robe              ||    13
Dodge: Dodged            ||    21

Levels and vault maps discovered:
D:1:      minmay_arrival_four_loops, layout_basic
D:2:      layout_basic, grunt_temple_overflow_open, first_ration,
          chequers_ecumenical_altar_simple_redux
